 Adventure DCSS version bcrawl-1.23 (webtiles) character file.

Game seed: 11344300337487938816

690 funkygono the Magician (level 7, -6/47 HPs)
             Began as a Skeleton Reaver on May 20, 2020.
             Was a Believer of Vehumet.
             Mangled by a bullfrog (7 damage)
             ... on level 7 of the Dungeon on May 21, 2020.
             The game lasted 00:23:27 (8030 turns).

funkygono the Magician (Skeleton Reaver)            Turns: 8030, Time: 00:23:28

Health: -6/47      AC:  7    Str: 18    XL:     7   Next: 36%
Magic:  0/17       EV: 12    Int: 15    God:    Vehumet [**....]
Gold:   480        SH:  5    Dex:  7    Spells: 4/20 levels left
                                        Lives:  0   Deaths: 2

rFire    . . .     SeeInvis .   h - +1 whip (drain)
rCold    + . .     Gourm    .   k - +2 buckler
rNeg     + + +     Faith    .   b - +1 steam dragon scales
rPois    ∞         Spirit   +   (no helmet)
rElec    .         Reflect  .   r - +0 cloak
rCorr    .         Harm     .   (no gloves)
MR       +....                  (no boots)
Stlth    +.........             (no amulet)
HPRegen  0.15/turn              (no ring)
MPRegen  0.15/turn              (no ring)

@: no status effects
A: no food or potions, cold resistance 1, deterioration 1, negative energy
resistance 3, powered by death 1, torment resistance, unbreathing, magic shield,
sturdy frame 1, spell healing
a: Renounce Religion


You were on level 7 of the Dungeon.
You worshipped Vehumet.
Vehumet was pleased with you.
You were not hungry.

You visited 2 branches of the dungeon, and saw 8 of its levels.
You also visited: Sewer.

You collected 480 gold pieces.

Inventory:

Hand Weapons
 a - a +1 flail of electrocution
 h - a +1 whip of draining (weapon)
Armour
 b - +1 steam dragon scales (worn)
 e - a +0 scale mail
 k - a +2 buckler (worn)
 n - a +0 chain mail
 q - a +0 medium shield
 r - a +0 cloak (worn)
Wands
 o - a wand of polymorph (16)
 p - a wand of paralysis (10)
Scrolls
 c - 2 scrolls of immolation
 d - 3 scrolls of remove curse
 f - 7 scrolls of identify
 g - a scroll of fear
 i - 2 scrolls of fog
 j - a scroll of amnesia
 l - 2 scrolls of magic mapping


   Skills:
 * Level 6.3 Fighting
 + Level 5.9 Maces & Flails
 + Level 1.7 Armour
 + Level 4.9 Dodging
 + Level 1.6 Stealth
 + Level 1.1 Shields
 + Level 7.3 Spellcasting
 + Level 4.9 Conjurations
 + Level 2.5 Fire Magic
 + Level 2.9 Ice Magic


You had 4 spell levels left.
You knew the following spells:

 Your Spells              Type           Power        Failure   Level  Hunger
a - Magic Dart            Conj           ###.         1%          1    N/A
b - Flame Tongue          Conj/Fire      ###..        1%          1    N/A
c - Iskenderun's Battles  Conj/Chrm      ##......     61%         5    N/A
d - Throw Frost           Conj/Ice       ###...       1%          2    N/A
e - Throw Icicle          Conj/Ice       ###.....     16%         4    N/A
f - Dazzling Spray        Conj/Hex       ##....       10%         3    N/A

Your spell library contained the following spells:

 Spells                   Type           Power        Failure   Level  Hunger
 Freeze                   Ice            ##....       2%          1    N/A
 Conjure Flame            Conj/Fire      ###.....     5%          3    N/A
 Mephitic Cloud           Conj/Pois/Air  ##......     13%         3    N/A
 Ensorcelled Hibernation  Hex/Ice        #.....       26%         2    N/A
 Corona                   Hex            #......      32%         1    N/A
 Blink                    Tloc           N/A          43%         2    N/A
 Call Imp                 Summ           #.....       43%         2    N/A
 Ozocubu's Armour         Chrm/Ice       #.......     45%         3    N/A
 Confuse                  Hex            #.......     67%         3    N/A
 Tukima's Dance           Hex            #.......     67%         3    N/A
 Summon Ice Beast         Ice/Summ       #.......     86%         4    N/A
 Spider Form              Tmut/Pois      Unusable     N/A         3    N/A

Dungeon Overview and Level Annotations

Branches:
Dungeon (7/12)             Temple (1/1) D:5
   Lair: D:7-9

Altars:
Ashenzari
Cheibriados
Dithmenos
Elyvilon
Fedhas
Gozag
Hepliaklqana
Kikubaaqudgha
Lugonu
Makhleb
Nemelex Xobeh
Okawaru
Qazlal
Ru
Sif Muna
Trog
Uskayaw
Vehumet
Wu Jian
Xom
Yredelemnul
Zin
The Shining One


Innate Abilities, Weirdness & Mutations

You do not eat or drink.
You are immune to poison.
Your flesh is cold resistant. (rC+)
Your body sometimes deteriorates upon taking damage.
You are immune to negative energy. (rN+++)
You regenerate a little health from kills.
You are immune to unholy pain and torment.
You can survive without breathing.
When hurt, damage is shared between your health and your magic reserves.
Your movements are slightly less encumbered by armour. (ER -2)
Casting spells heals you.


Message History

The centaur unwields a +0 shortbow.
The centaur wields a +0 war axe.
The centaur misses you.
The bullfrog releases a deep croak.
The jelly barely misses you. You block the bullfrog's attack.
The quasit closely misses you.
The quasit claws you but does no damage.
The quasit barely misses you.
The adder hisses angrily.
The bullfrog hits you.
* * * LOW HITPOINT WARNING * * *
The orc wizard casts a spell.
The orc wizard flickers and vanishes!
The jelly closely misses you. You block the bullfrog's attack.
The centaur unwields a +0 war axe.
The centaur wields a +0 shortbow.
The centaur shoots an arrow.
The arrow hits you. The bullfrog barely misses you.
The centaur shoots an arrow.
The arrow misses you. You block the adder's attack. The bullfrog hits you!
You die...

#......#.......................
######'#'#......o.####o.......o
........Zo.o.....J............
###.....J...#.####.....<......
#..........#............#
#..........#####........#
...........#..........#..#
...........#..........#..#
.....
...........#....@.c####..#
.....
.......#####....FFJJ.....#
..... ........
#....S.oa.....###..... .
#.......55.......##..# .
..............oo.......... .
.............o.o.....###.. .
.............#............
$............#............
...[..####...#............


You could see 2 bullfrogs, a centaur, 2 jellies, a worker ant, an orc wizard, 2
quasits, an adder and 5 orcs.

Vanquished Creatures
  A centaur skeleton (D:7)
  A hippogriff (D:6)
  2 water moccasins
  Duvessa (D:4)
  A centaur (D:7)
  A big kobold (Sewer)
  A bullfrog (D:6)
  Dowan (D:4)
  2 electric eels (D:6)
  2 howler monkeys
  2 crimson imps
  A centaur zombie (D:7)
  A bullfrog zombie (D:4)
  An orc priest (D:3)
  2 hounds
  2 orc wizards (D:3)
  A bullfrog skeleton (D:5)
  An iguana (D:5)
  6 worker ants
  A killer bee zombie (D:5)
  A hound zombie (D:6)
  3 adders
  A river rat (Sewer)
  3 worms
  3 dart slugs
  2 leopard geckos (D:2)
  11 orcs
  4 bats
  9 giant cockroaches
  5 goblins
  8 hobgoblins
  8 jackals
  12 kobolds
  2 quokkas
  4 ball pythons
  3 frilled lizards
  10 rats
120 creatures vanquished.

Vanquished Creatures (others)
  A bullfrog zombie (D:3)
  A ball python (D:3)
2 creatures vanquished.

Grand Total: 122 creatures vanquished

Notes
Turn   | Place    | Note
-------+----------+-------------------------------------------
     0 | D:1      | funkygono the Skeleton Reaver began the quest for the Orb.
     0 | D:1      | Reached XP level 1. HP: 14/14 MP: 4/4
   532 | D:1      | Reached XP level 2. HP: 16/19 MP: 6/6
  1460 | D:2      | Reached XP level 3. HP: 23/23 MP: 7/7
  1484 | D:2      | Found a shimmering altar of Xom.
  1485 | D:2      | Found a sparkling altar of Nemelex Xobeh.
  1569 | D:2      | Found a faded altar of an unknown god.
  1599 | D:2      | Reached * piety under Vehumet
  1599 | D:2      | Offered knowledge of Flame Tongue by Vehumet.
  1602 | D:2      | Learned a level 1 spell: Flame Tongue
  2515 | D:3      | Found a glowing drain.
  2534 | D:3      | Reached XP level 4. HP: 28/28 MP: 6/9
  2608 | Sewer    | Entered a sewer
  2619 | Sewer    | Reached skill level 1 in Conjurations
  2736 | Sewer    | Offered knowledge of Magic Dart by Vehumet.
  2739 | Sewer    | Learned a level 1 spell: Magic Dart
  2743 | Sewer    | Reached ** piety under Vehumet
  2760 | Sewer    | Noticed a big kobold
  2768 | Sewer    | Killed a big kobold
  2768 | Sewer    | Reached skill level 4 in Spellcasting
  2768 | Sewer    | Reached XP level 5. HP: 32/33 MP: 2/11
  2917 | Sewer    | Found a glowing silver altar of Zin.
  3052 | D:3      | Reached skill level 1 in Fire Magic
  3492 | D:3      | Gained mutation: You regenerate a little health from kills.
                  | [Skeleton growth]
  3492 | D:3      | Reached XP level 6. HP: 38/38 MP: 3/12
  4015 | D:4      | Reached skill level 1 in Stealth
  4028 | D:4      | Reached skill level 5 in Maces & Flails
  4159 | D:4      | Found a sparkling altar of Nemelex Xobeh.
  4211 | D:4      | Noticed Dowan
  4222 | D:4      | Noticed Duvessa
  4241 | D:4      | Killed Duvessa
  4241 | D:4      | Reached skill level 5 in Spellcasting
  4249 | D:4      | Killed Dowan
  4249 | D:4      | Reached XP level 7. HP: 31/44 MP: 0/15
  4259 | D:4      | Learned a level 5 spell: Iskenderun's Battlesphere
  4600 | D:5      | Entered Level 5 of the Dungeon
  4847 | D:5      | Learned a level 2 spell: Throw Frost
  4852 | D:5      | Learned a level 4 spell: Throw Icicle
  4963 | D:5      | Found a staircase to the Ecumenical Temple.
  5779 | Temple   | Entered the Ecumenical Temple
  6071 | D:6      | Reached skill level 5 in Fighting
  6071 | D:6      | Reached skill level 6 in Spellcasting
  6071 | D:6      | Reached skill level 1 in Ice Magic
  6564 | D:6      | Noticed a hippogriff
  6578 | D:6      | Killed a hippogriff
  6578 | D:6      | Reached skill level 1 in Armour
  6578 | D:6      | Reached XP level 8. HP: 42/50 MP: 0/17
  6638 | D:6      | Reached skill level 1 in Shields
  7828 | D:6      | Learned a level 3 spell: Dazzling Spray
  7910 | D:7      | Reached skill level 7 in Spellcasting
  7919 | D:7      | Slain by a bullfrog
  7920 | D:7      | Reached XP level 7. HP: -4/45 MP: 0/17
  7952 | D:7      | HP: 1/45 [centaur/arrow (4)]
  7964 | D:7      | Shot with an arrow by a centaur
  7965 | D:7      | Reached XP level 6. HP: -1/41 MP: 0/16
  8007 | D:7      | Reached XP level 7. HP: 10/47 MP: 7/17
  8022 | D:7      | HP: 2/47 [orc wizard/magic dart (4)]
  8030 | D:7      | Mangled by a bullfrog

Skill      XL: |  1  2  3  4  5  6  7  8 |
---------------+-------------------------+-----
Maces & Flails | 4 5 |  5.9
Conjurations   | 1 2 3 4 |  4.9
Spellcasting   | 4 5 6 7 |  7.3
Fire Magic     | 1 2 |  2.5
Fighting       | 4 6 5 |  6.3
Stealth        | 1 |  1.6
Dodging        | 4 |  4.9
Ice Magic      | 1 2 |  2.9
Armour         | 1 |  1.7
Shields        | 1 |  1.1

Action                   |  1- 3 |  4- 6 |  7- 9 || total
-------------------------+-------+-------+-------++-------
Melee: Flail             |   119 |       |       ||   119
       Whip              |     4 |    94 |   169 ||   267
 Cast: Flame Tongue      |    33 |    51 |     7 ||    91
       Magic Dart        |       |    56 |    27 ||    83
       Throw Frost       |       |       |    32 ||    32
       Throw Icicle      |       |       |    20 ||    20
       Dazzling Spray    |       |       |     3 ||     3
  Use: Scroll            |     4 |     2 |     8 ||    14
Armor: Steam dragon scal |    53 |    40 |    76 ||   169
       Chain mail        |       |       |    43 ||    43
Dodge: Dodged            |    97 |    67 |   171 ||   335
Block: Buckler           |       |     7 |    16 ||    23
       Medium shield     |       |       |    12 ||    12
